 Dungeon Crawl Stone Soup version 0.31-a0-846-gb3bcc0d938 (webtiles) character file.

Game seed: 10653680647062753244

1149 CowFu the Changeling (level 8, -1/91 HPs)
             Began as a Green Draconian Shapeshifter on Oct 3, 2023.
             Slain by a gnoll bouda
             ... wielding a +0 club
              (11 damage)
             ... in the Ecumenical Temple.
             The game lasted 00:07:56 (3200 turns).

CowFu the Changeling (Green Draconian Shapeshifter) Turns: 3200, Time: 00:07:57

Health: -1/91      AC:  6    Str: 18    XL:     8   Next: 15%
Magic:  8/8        EV: 12    Int: 18    God:
Gold:   220        SH:  0    Dex: 10    Spells: 7/7 levels left

rFire   . .          .
                       - Unarmed
rCold   . . .        (shield currently unavailable)
rNeg    . . .        (body armour unavailable)
rPois   +            (helmet restricted)
rElec   .            (no cloak)
rCorr   .            (no gloves)
SInv    .            (no boots)
Will    .....        e - amulet of regeneration Stlth
                     f - +6 ring of intelligence
HPRegen 1.15/turn    (no ring)
MPRegen 0.11/turn

%: no passive effects
@: berserking, flux-form, glowing, very quick
A: glow, contaminating, breathe noxious fumes, AC +6, unfitting armour, poison
resistance, cold-blooded
a: Breathe Noxious Fumes, Begin Untransformation


You were in the Ecumenical Temple.
You were something dangerously unstable.
You visited 2 branches of the dungeon, and saw 6 of its levels.
You also visited: Sewer.

You collected 220 gold pieces.

Inventory:

Armour
 m - a +1 cloak
Jewellery
 e - an amulet of regeneration (around neck)
 f - a +6 ring of intelligence (left hand)
Talismans
 b - a beast talisman
 c - a flux talisman (active)
Wands
 s - a wand of paralysis (4)
 u - a wand of flame (21)
Scrolls
 g - 2 scrolls of fear
 l - 3 scrolls of identify
 n - 3 scrolls of enchant armour
 o - 2 scrolls of enchant weapon {unknown}
 p - 2 scrolls of blinking {unknown}
 r - 2 scrolls of teleportation {unknown}
Potions
 a - a potion of lignification
 d - a potion of brilliance
 h - a potion of mutation
 j - a potion of haste
 k - a potion of cancellation
 t - a potion of resistance {unknown}


   Skills:
 - Level 2.0 Fighting
 + Level 3.1 Dodging
 + Level 5.8 Unarmed Combat
 + Level 7.6 Shapeshifting


You had 7 spell levels left.
You didn't know any spells.
Your spell library contained the following spells:

 Spells                   Type           Power      Damage    Failure   Level
 Volatile Blastmotes      Fire/Tloc      0%         2d10      54%         3
 Fulminant Prism          Conj/Hex       0%         3d5       91%         4
 Iskenderun's Mystic Bla  Conj/Tloc      0%         2d3       91%         4


Dungeon Overview and Level Annotations

Branches:
Dungeon (5/15)             Temple (1/1) D:5           Sewer (visited)

Altars:
Ashenzari
Cheibriados
Dithmenos
Kikubaaqudgha
Makhleb
Nemelex Xobeh
Okawaru
Qazlal
Sif Muna
Trog
Uskayaw
Wu Jian
The Shining One

Shops:
D:1 ?


Innate Abilities, Weirdness & Mutations

You are something dangerously unstable.
You glow with magical radiation, making you easy to see and hit.
Foes you strike become dangerously contaminated with magical radiation.
You are incapable of wielding weapons or throwing items.
You can breathe blasts of noxious fumes.
Your lurid green scales are hard. (AC +6)
You cannot fit into any form of body armour.
Your system is resistant to poisons. (rPois)
You are cold-blooded and may be slowed by cold attacks.


Message History

You hit the orc but do no damage.
The orc begins to glow.
The orc hits you with a +2 flail of holy wrath.
The orc hits you with a +0 dagger.
* * * LOW HITPOINT WARNING * * *
The gnoll bouda closely misses you.
You hit the orc.
The orc glows dangerously bright.
The orc is moderately wounded.
The orc hits you with a +2 flail of holy wrath.
* * * LOW HITPOINT WARNING * * *
The orc hits you with a +0 dagger.
* * * LOW HITPOINT WARNING * * *
The gnoll bouda hits you with a +0 club.
* * * LOW HITPOINT WARNING * * *
It was a potion of haste.
You feel yourself speed up.
The orc closely misses you. x2; The gnoll bouda closely misses you.
It was a potion of cancellation.
Your magical effects are unravelling.
You feel magically purged.
You feel yourself slow down.
Your attacks no longer feel as feeble.
The orc closely misses you.
It was a potion of magic.
Magic courses through your body. The orc misses you.
The gnoll bouda hits you but does no damage.
The orc completely misses you.
It was a potion of berserk rage.
A red film seems to cover your vision as you go berserk!
You feel yourself moving faster!
You feel mighty! The orc barely misses you.
The gnoll bouda hits you with a +0 club!
* * * LOW HITPOINT WARNING * * *
The orc hits you with a +2 flail of holy wrath.
* * * LOW HITPOINT WARNING * * *
You are too berserk!
You punch the orc!
You kill the orc!
The orc hits you but does no damage.
The gnoll bouda hits you with a +0 club.
* * * LOW HITPOINT WARNING * * *
You barely miss the orc. You closely miss the gnoll bouda.
The orc closely misses you.
The gnoll bouda hits you with a +0 club!
You die...

#################
#☼☼°°°°°°°○°°°°☼#
#°°○°○○☼○°°○○°°°#
#°☼○°○°○°°☼°°°°○#
#°○°_._._._..○°°#
#°○○.........☼°☼#
#°°°_........○°°#
#○°°...)))...°○°#
#○○°....po.._☼°°#
#°☼°....g....°○°#
#°°○_......._○☼°#
#○°°.........○○☼#
#°○°.._..._._☼○☼#
#°°°°○°°○°○°°○○°#
#○☼○°°○°○○°○☼°○○#
#°°°°°°○°○°°°°°☼#
#################


You could see a gnoll bouda and an orc.

Vanquished Creatures
  Pikel (D:4)
  A black bear (D:4)
  Pargi (Sewer)
  3 lemures (D:4)
  A kobold brigand (D:4)
  2 hounds
  2 orc priests (D:4)
  An orc wizard (D:3)
  Terence (D:2)
  A mummy (D:4)
  Robin (D:3)
  9 gnolls
  3 adders
  3 worms
  3 dart slugs
  15 orcs
  6 endoplasms
  5 giant cockroaches
  9 goblins
  14 hobgoblins
  6 quokkas
  5 ball pythons
  4 bats
  3 frilled lizards
  9 kobolds
  3 rats
112 creatures vanquished.

Notes
Turn   | Place    | Note
-------+----------+-------------------------------------------
     0 | D:1      | CowFu the Draconian Shapeshifter began the quest for the
                  | Orb.
     0 | D:1      | Reached XP level 1. HP: 16/16 MP: 1/1
   187 | D:1      | Reached XP level 2. HP: 19/23 MP: 2/2
   269 | D:1      | Found Denuitug's Magic Scroll Boutique.
   772 | D:2      | Reached XP level 3. HP: 28/28 MP: 3/3
  1056 | D:2      | Noticed Terence
  1065 | D:2      | Killed Terence
  1066 | D:2      | Reached XP level 4. HP: 18/35 MP: 4/4
  1353 | D:3      | Found a glowing drain.
  1357 | Sewer    | Entered a sewer
  1364 | Sewer    | Reached skill level 4 in Shapeshifting
  1389 | Sewer    | Noticed Pargi
  1403 | Sewer    | Killed Pargi
  1404 | Sewer    | Reached XP level 5. HP: 7/40 MP: 5/5
  1633 | D:3      | Reached skill level 5 in Unarmed Combat
  1649 | D:3      | Reached skill level 5 in Shapeshifting
  1783 | D:3      | Found a faded altar of an unknown god.
  1901 | D:3      | Found a broken altar of Ashenzari.
  1963 | D:3      | Reached XP level 6. HP: 38/47 MP: 6/6
  2182 | D:3      | Noticed Robin
  2199 | D:3      | Killed Robin
  2437 | D:4      | Reached skill level 6 in Shapeshifting
  2629 | D:4      | Your scales start taking on a lurid green colour.
  2629 | D:4      | Reached XP level 7. HP: 52/52 MP: 7/7
  2629 | D:4      | Gained mutation: Your system is resistant to poisons.
                  | (rPois) [Green Draconian growth]
  2746 | D:4      | Noticed Pikel
  2827 | D:4      | Reached skill level 7 in Shapeshifting
  2913 | D:4      | Killed Pikel
  2914 | D:4      | Reached XP level 8. HP: 32/61 MP: 8/8
  3132 | D:4      | Found a snail-covered altar of Cheibriados.
  3167 | D:5      | Entered Level 5 of the Dungeon
  3167 | D:5      | Found a staircase to the Ecumenical Temple.
  3184 | Temple   | Entered the Ecumenical Temple
  3200 | Temple   | Slain by a gnoll bouda

Illustrated notes

Levels and vault maps discovered:
D:1:      ldierk_walled_garden, layout_basic, serial_shops, shop
D:2:      layout_loops_ring, guppyfry_early_lair_pool, uniq_terence
D:3:      layout_loops_ring, nicolae_ashenzari_skybound, gup_sewer_entry_bowl,
          ebering_ecumenical_altar_rust, uniq_robin
D:4:      layout_basic, chei_slow_surprise, minmay_surrounded, uniq_pikel
D:5:      cheibrodos_quashed, layout_cave_pods, minmay_temple_entry_mist,
          hangedman_decor_peaks_small
Temple:   minmay_freezing_vapour_temple

Skill      XL: |  1  2  3  4  5  6  7 |
---------------+----------------------+-----
Unarmed Combat | 4 5 |  5.8
Shapeshifting  | 4 5 6 7 |  7.6
Fighting       | 2 |  2.0
Dodging        | 3 |  3.1

Action                     |  1- 3 |  4- 6 |  7- 9 || total
---------------------------+-------+-------+-------++-------
  Melee: Unarmed           |    72 |   188 |    93 ||   353
         Tailslap          |     9 |    14 |    12 ||    35
         Punch             |     2 |     6 |     4 ||    12
    Use: Scroll            |       |     6 |       ||     6
         Potion            |       |     1 |     4 ||     5
   Stab: Sleeping          |     1 |     2 |       ||     3
 Armour: Skin              |    28 |   124 |    82 ||   234
  Dodge: Dodged            |    22 |   139 |    82 ||   243
   Form: Flux              |       |       |     1 ||     1

Table legend: (Time is in decaauts)
 A = Elapsed time spent in this place.
 B = Non-inter-level travel time spent in this place.
 C = Inter-level travel time spent in this place.
 D = Time resting spent in this place.
 E = Time spent auto-exploring this place.
 F = Levels seen in this place.
 G = Mean time per level.
                   A        B        C        D        E       F      G
               +--------+--------+--------+--------+--------+-----+--------+
         Total |   3181 |   2972 |    209 |      0 |   2074 |   7 |  454.4 |
       Dungeon |   2992 |   2783 |    209 |      0 |   1959 |   5 |  598.4 |
        Temple |     13 |     13 |      0 |      0 |      0 |   1 |   13.0 |
         Sewer |    174 |    174 |      0 |      0 |    115 |   1 |  174.0 |
               +--------+--------+--------+--------+--------+-----+--------+

Top non-repeatable levels by time:
     D:3: 897 daAuts
     D:4: 796 daAuts
     D:2: 727 daAuts
     D:1: 553 daAuts
   Sewer: 174 daAuts
     D:5: 18 daAuts
  Temple: 13 daAuts
